Cogmind - Beta 17 @@@ ROGUE MODE // 2026.08.06 @ 10:45:44 Player: Floof Enjoyer Result: Self-destructed Performance ------------- Evolutions (1) 500 Regions Visited (3) 600 Robots Destroyed (5) 25 Value Destroyed (85) 85 Prototype IDs (0) 0 Alien Tech Used (0) 0 Bonus (0) 0 TOTAL SCORE: 1210 Bonus ------- None Cogmind --------- Core Integrity 385/400 Matter 290/300 Energy 265/265 System Corruption 1% Temperature Cool (0) Movement Walking (190) Ox1 Location -9/Materials Parts ------- > --- POWER (1) -------- Improved Ion Engine > --- PROPULSION (4) --- Carbon-fiber Leg > --- UTILITY (2) ------ Small Storage Unit Light Armor Plating > --- WEAPON (2) ------- Light Assault Rifle Light Assault Rifle > --- INVENTORY (8) ---- Light Ion Engine Improved Heat Sink Medium Laser Beamcaster Mining Laser Mining Laser Peak State ------------ > --- POWER ------------ Improved Ion Engine > --- PROPULSION ------- Carbon-fiber Leg > --- UTILITY ---------- Small Storage Unit Light Armor Plating > --- WEAPON ----------- Light Assault Rifle Light Assault Rifle > --- INVENTORY -------- Ion Engine Light Ion Engine Improved Heat Sink EM Pulse Gun Medium Laser Beamcaster Mining Laser Mining Laser [Rating: 10] Favorites ----------- Power Ion Engine Engine Ion Engine Propulsion Compact Wheel Leg Carbon-fiber Leg Wheel Compact Wheel Utility Small Storage Unit Storage Small Storage Unit Protection Light Armor Plating Weapon Light Assault Rifle Ballistic Gun Light Assault Rifle Build | -11 -10 -10 -9 ------- Run | Yrd Mat Min Mat Slots Evolved 2 | . . . 2 Power . | . . . . Propulsion 2 | . . . 2 Utility . | . . . . Weapon . | . . . . Parts Attached 9 | 6 . . 3 Power 2 | 1 . . 1 Engine 2 | 1 . . 1 Core . | . . . . Reactor . | . . . . Propulsion 3 | 2 . . 1 Treads . | . . . . Leg 1 | . . . 1 Wheel 2 | 2 . . . Hover . | . . . . Flight . | . . . . Utility 2 | 1 . . 1 Device . | . . . . Storage 1 | 1 . . . Processor . | . . . . Hackware . | . . . . Protection 1 | . . . 1 Artifact . | . . . . Weapon 2 | 2 . . . Energy Gun . | . . . . Energy Cannon . | . . . . Ballistic Gun 2 | 2 . . . Ballistic Cannon . | . . . . Launcher . | . . . . Special Weapon . | . . . . Impact Weapon . | . . . . Slashing Weapon . | . . . . Piercing Weapon . | . . . . Special Melee Weapon . | . . . . Unidentified Prototypes . | . . . . Parts Lost 2 | . . . 2 Power . | . . . . Propulsion 2 | . . . 2 Utility . | . . . . Weapon . | . . . . Highest Loss Streak 2 | . . . 2 To Critical Strikes . | . . . . Average Backups 5 | 1 2 6 7 Power . | . 1 1 1 Propulsion . | . . . . Utility . | . . . 1 Weapon 3 | . 1 4 4 Tool/Special . | . . . . Unused Backups 7 | . . . 7 Power 1 | . . . 1 Propulsion . | . . . . Utility 1 | . . . 1 Weapon 5 | . . . 5 Tool/Special . | . . . . Average Slot Usage (%) 76 | . 85 85 63 Engine 12 | . 14 14 11 Leg 1 | . . . 3 Wheel 21 | . 28 28 12 Storage 12 | . 14 14 11 Protection 1 | . . . 4 Ballistic Gun 25 | . 28 28 22 Peak Build Rating 10 | 6 6 7 10 Average Rating 6 | 3 6 6 7 On Entrance 4 | . 6 6 7 Avg Prop Armor Cover (%) . | . . . . Naked Turns . | . . . . Heaviest Build 17 | 12 12 12 17 Greatest Support 32 | 32 32 32 32 Greatest Overweight (x) 4 | . . . 4 Average Overweight (x) . | . . . . Largest Inventory Capacity 8 | 8 8 8 8 Average Capacity 7 | 6 8 8 8 Most Carried 8 | 4 5 8 8 Average Carried 6 | 1 3 6 7 Final Capacity 8 | 8 8 8 8 Final Carried 8 | 2 5 8 6 Class Distribution -------------------- 100% | Mutant Dominant Class ---------------- Mutant | -10/Materials Mutant | -10/Mines Mutant | -9/Materials Resources | -11 -10 -10 -9 ----------- Run | Yrd Mat Min Mat Matter Collected 311 | 221 . 61 29 Remotely . | . . . . Salvage Created 111 | . . 60 51 Parts 11 | . . 8 3 Haulers Intercepted . | . . . . Recyclers Shooed . | . . . . Parts Field Recycled . | . . . . Retrieved Matter . | . . . . Parts Self-Destructed . | . . . . Prevented . | . . . . Parts Restored . | . . . . Kills | -11 -10 -10 -9 ------- Run | Yrd Mat Min Mat Combat Hostiles Destroyed 5 | . . 4 1 Guns 5 | . . 4 1 Classes Destroyed 2 | . . 1 1 Swarmer 4 | . . 4 . Sentry 1 | . . . 1 Best Kill Streak 3 | . . 3 1 Combat Bots Only 3 | . . 3 1 Max Kills in Single Turn 1 | . . 1 1 Gunslinging . | . . . . Exploded . | . . . . Melee . | . . . . Uniques/NPCs Destroyed . | . . . . Combat | -11 -10 -10 -9 -------- Run | Yrd Mat Min Mat Hostile Shots Fired 26 | . . 14 12 Missed 10 | . . 6 4 Hits 16 | . . 8 8 Projectile 16 | . . 8 8 Damage Taken 185 | . . 69 116 Core 24 | . . 9 15 Absorbed by Shields . | . . . . Core Remaining (%) 98 | 100 . 96 . Volleys Fired 19 | . . 11 8 Largest 2 | . . 2 2 Hottest 40 | . . 40 40 Shots Fired 38 | . . 22 16 Gun 38 | . . 22 16 Cannon . | . . . . Launcher . | . . . . Special . | . . . . Kinetic 38 | . . 22 16 Thermal . | . . . . Explosive . | . . . . Electromagnetic . | . . . . Robot Hit Streak 7 | . . 6 7 Robot Miss Streak 3 | . . 2 3 Penetration Max . | . . . . Secondary Targets . | . . . . Shots Hit Robots 24 | . . 13 11 Core Hits 10 | . . 7 3 Critical Kills . | . . . . Critical Parts Destroyed 1 | . . 1 . Critical Strikes 1 | . . 1 . Destroy 1 | . . 1 . Melee Attacks . | . . . . Impact . | . . . . Slashing . | . . . . Piercing . | . . . . Sneak Attacks . | . . . . Combat Hostiles . | . . . . Follow-up Attacks . | . . . . Damage Inflicted 180 | . . 99 81 Guns 180 | . . 99 81 Cannons . | . . . . Explosions . | . . . . Melee . | . . . . Ramming . | . . . . Kinetic 180 | . . 99 81 Thermal . | . . . . Explosive . | . . . . Electromagnetic . | . . . . Impact . | . . . . Slashing . | . . . . Piercing . | . . . . Highest Corruption 1 | . . . 1 Average Corruption 1 | . . . 1 Corruption Purged . | . . . . Corruption Blocked . | . . . . Overload Shots . | . . . . Overflow Damage . | . . . . Projectiles . | . . . . Explosions . | . . . . Melee . | . . . . Knockbacks . | . . . . Impact . | . . . . Kinetic . | . . . . Secondary . | . . . . Self-Inflicted Damage . | . . . . Shots . | . . . . Rammed . | . . . . Targets Rammed . | . . . . Kicked . | . . . . Crushed . | . . . . Highest Temperature 6 | . . . 6 Average Temperature 4 | . . . 4 Received Heat Transfer 27 | . . . 27 Siege Activations . | . . . . Martial Activations . | . . . . Shielding Activations . | . . . . Robots Disrupted . | . . . . Combat Hostiles . | . . . . Robots Corrupted . | . . . . Combat Hostiles . | . . . . Parts Fried . | . . . . Impact Corruptions . | . . . . Robots Melted . | . . . . Combat Hostiles . | . . . . Parts Melted . | . . . . Heat Transferred . | . . . . Parts Sabotaged . | . . . . Parts Stolen . | . . . . Parts Stripped . | . . . . Power Chain Reactions . | . . . . Alert | -11 -10 -10 -9 ------- Run | Yrd Mat Min Mat Maximum Alert Level . | . . . . Low Security (%) 100 | 100 100 100 100 Level 1 . | . . . . Level 2 . | . . . . Level 3 . | . . . . Level 4 . | . . . . Level 5 . | . . . . High Security . | . . . . Max Security . | . . . . Peak Influence 70 | . . 70 30 Initial 15 | . . . 15 Average 13 | . . 25 7 Influence Increases 130 | . . 100 30 Destroy 0b10 Robot/C 100 | . . 80 20 Destroy Leader 30 | . . 20 10 Influence Decreases 130 | . . 60 70 Entered New Map 25 | . . . 25 Time Decay 105 | . . 60 45 Squads Dispatched 4 | . . . 4 Investigation 2 | . . . 2 Extermination . | . . . . Reinforcement 2 | . . . 2 Assault . | . . . . Garrison . | . . . . Intercept . | . . . . Searches Triggered . | . . . . Construction Impeded . | . . . . Haulers Reinforced . | . . . . Active Scanning Responses . | . . . . Cargo Convoy Interrupts . | . . . . Stealth | -11 -10 -10 -9 --------- Run | Yrd Mat Min Mat Distress Signals . | . . . . Communications Jammed . | . . . . Distress Signals . | . . . . Times Spotted 9 | . . 4 5 Peak Tracking Total 3 | . . 3 3 Tactical Retreats . | . . . . Traps | -11 -10 -10 -9 ------- Run | Yrd Mat Min Mat Traps Triggered . | . . . . Indirectly . | . . . . Trap Hack Attempts . | . . . . Triggered . | . . . . Disarmed . | . . . . Reprogrammed . | . . . . Reused . | . . . . Traps Extracted . | . . . . Installed . | . . . . Triggered . | . . . . Machines | -11 -10 -10 -9 ---------- Run | Yrd Mat Min Mat Machines Disabled . | . . . . Max in Single Turn . | . . . . Machines Repaired . | . . . . Machines Dismantled . | . . . . Machines Sabotaged . | . . . . Overloaded Fab Kills . | . . . . Hacking | -11 -10 -10 -9 --------- Run | Yrd Mat Min Mat Machines Accessed 3 | . . . 3 Terminals 1 | . . . 1 Fabricators . | . . . . Repair Stations . | . . . . Recycling Units . | . . . . Scanalyzers 2 | . . . 2 Garrison Access . | . . . . Total Hacks 7 | . . . 7 Successful 2 | . . . 2 Failed 4 | . . . 4 Catastrophic 1 | . . . 1 Database Lockouts 1 | . . . 1 Manual . | . . . . Terminals 2 | . . . 2 Fabricators . | . . . . Repair Stations . | . . . . Recycling Units . | . . . . Scanalyzers 5 | . . . 5 Garrison Access . | . . . . Terminal Hacks 1 | . . . 1 Zone Layout 1 | . . . 1 Fabricator Hacks . | . . . . Repair Station Hacks . | . . . . Recycling Unit Hacks . | . . . . Scanalyzer 1 | . . . 1 Retrieve Study 1 | . . . 1 Garrison Access Hacks . | . . . . Unauthorized Hacks . | . . . . Terminals . | . . . . Fabricators . | . . . . Repair Stations . | . . . . Recycling Units . | . . . . Scanalyzers . | . . . . Garrison Access . | . . . . Data Cores Recovered . | . . . . Used . | . . . . Hacking Detections 3 | . . . 3 Full Trace Events 2 | . . . 2 Feedback Events 1 | . . . 1 Corruption 1 | . . . 1 Feedback Blocked . | . . . . Robot Schematics Acquired . | . . . . Robots Built . | . . . . Authchips . | . . . . Time . | . . . . Total Robot Build Rating . | . . . . Part Schematics Acquired . | . . . . Parts Built . | . . . . Authchips . | . . . . Time . | . . . . Total Part Build Rating . | . . . . Part Studies Acquired 1 | . . . 1 Parts Repaired . | . . . . Time . | . . . . Parts Recycled . | . . . . Recycled Matter . | . . . . Retrieved Matter . | . . . . Retrieved Components . | . . . . Parts Scanalyzed . | . . . . Part Schematics Acquired . | . . . . Parts Damaged . | . . . . Bothacking | -11 -10 -10 -9 ------------ Run | Yrd Mat Min Mat Used RIF Installer . | . . . . Robots Hacked . | . . . . Non-combat . | . . . . Combat . | . . . . Robot Hacks Applied . | . . . . Relay Couplers Released . | . . . . Fabnet Peak Effective % . | . . . . Robots Rewired . | . . . . Allies Hacked . | . . . . Hacks Repelled . | . . . . Allies | -11 -10 -10 -9 -------- Run | Yrd Mat Min Mat Total Allies . | . . . . Largest Group . | . . . . Highest-Rated Group . | . . . . Highest-Rated Ally . | . . . . Total Orders . | . . . . Ally Attacks . | . . . . Total Damage . | . . . . Kills . | . . . . Allies Corrupted . | . . . . Allies Melted . | . . . . Intel | -11 -10 -10 -9 ------- Run | Yrd Mat Min Mat Active Infowar (turns) . | . . . . Robot Analysis Total . | . . . . Derelict Logs Recovered 2 | . . 2 . Drone Launches . | . . . . Drone Recoveries . | . . . . Exploration | -11 -10 -10 -9 ------------- Run | Yrd Mat Min Mat Turns Passed 499 | 49 59 214 177 Spaces Moved 397 | 36 57 183 121 Core 6 | 2 . . 4 Treads . | . . . . Legs 31 | . . . 31 Wheels 360 | 34 57 183 86 Hover . | . . . . Flight . | . . . . Fastest Speed 50 | 50 100 100 100 Average Speed 107 | 97 100 100 123 Slowest Speed 250 | 100 100 100 250 Overloaded Moves . | . . . . Propulsion Burnouts . | . . . . Robots Hopped . | . . . . Potential Cave-ins . | . . . . Cave-ins Triggered . | . . . . Exploration Rate (%) 17 | 3 10 43 13 Regions Visited 3 Branch Regions 1 Pre-discovered Areas . | . . . . Known Exits Taken . | . . . . Unknown Exits Taken 3 | 1 1 1 . Scrap Searched 1 | . . 1 . Spaces Dug . | . . . . Terrain Destroyed . | . . . . Melee . | . . . . Projectile . | . . . . AOE . | . . . . Terrain Rammed . | . . . . Walls Destroyed . | . . . . Machines Disabled . | . . . . Actions | -11 -10 -10 -9 --------- Run | Yrd Mat Min Mat Total 439 | 49 59 196 135 Wait . | . . . . Move 394 | 35 56 182 121 Hop . | . . . . Pick Up 15 | 8 3 3 1 Fast Attach 1 | . . . 1 Attach 7 | 6 . . 1 Detach . | . . . . Swap 1 | . . . 1 Drop 2 | . . . 2 Fire 19 | . . 11 8 Melee . | . . . . Ram . | . . . . Kick . | . . . . Crush . | . . . . Escape Stasis . | . . . . Rewire . | . . . . Trap . | . . . . Miscellaneous . | . . . . Route ------- -11/Scrapyard -10/Materials -10/Mines (discovered 2 exits: *Mat / Sub) -9/Materials History --------- Turn | Location | Event 33 | -11/Scrapyard | Discovered new exit (range 15) 50 | -11/Scrapyard | Entered Materials 76 | -10/Materials | Discovered new exit (range 15) 109 | -10/Materials | Entered Mines 117 | -10/Mines | Identified exit to Subcaves 132 | -10/Mines | Met a Derelict bent on vengeance 137 | -10/Mines | Learned Materials garrison access intel 300 | -10/Mines | Build established: Mutant 312 | -10/Mines | Discovered new exit (range 7) 323 | -10/Mines | Entered Materials 323 | -9/Materials | Evolved 2 slots: Propulsion x2 489 | -9/Materials | Central database locked down 500 | -9/Materials | Self-destructed Last Messages --------------- Dropped Ion Engine. Dropped EM Pulse Gun. R-06 Scavenger collects Lgt. Treads. Connecting with Scanalyzer... Feedback: System corruption (+1%). ALERT: Suspicious activity at Scanalyzer M002. Dispatching Investigation squad. R-06 Scavenger collects Ion Engine. R-06 Scavenger collects EM Pulse Gun. R-06 Scavenger collects Heat Sink. Connecting with Scanalyzer... >>Study(Mining Laser) Identified Mining Laser... Downloading performance data... Effective improvements: +10% accuracy ALERT: Central database lockdown, local access denied. ALERT: Suspicious activity at Scanalyzer M001. Dispatching Investigation squad. Map ----- +----------------------------------------------------+ | ???????????????????????????????????# """ #??? | | ???????????????????????????????????# """ #### | | ???????????????????????????????????# """ # | | | ???????????????????????????????????# #% | | ???????????????????????????????????# # " | | ?????????????????????????????????????###### + " | | ??????????????????????????????????????????# # " | | ??????????????????????????????????????????# # | | ??????????????????????????????????????????# #### | | ??????????????????????????????????????????# # T | | ??????????????????????????????????????????# # | | ??????????????????????????????????????????# # | | ??????????????????????????##########??????# + " | | ??????????????????????????# """" #??????# # " | | ?????????????????????????## ""S"" #??????# # " | | ?????????????????????????# "" "" ######## #### | | ?????????????????????????##% # """ # #### | | ??????????????????????????# # """ # # "" | | ??????????????????????????# ]! # """ # # "" | | ??????????????????????????# ]! # + + "" | | ??????????????????#???????# ] # # # | | ????????????????### ##????# # # # | | ????????????????# ] ##########+########## #### | | ????????????##/## m | | ????????? u g T | | ????????????????#g @ | | ????????????????# ###/##################+##### | | ????????????????###?????# #???????# # | | ????????????????????????# "" #???????# # | | ????????????????????????# """#???????# # | | ????????????????????????# S"#???????# # | | ????????????????????????# #???????# # | | ????????????????????????# #???????# # | | ????????????????????????########???????# # | | ???????????????????????????????????????# # | | ???????????????????????????????????????########### | | ?????????????????????????????????????????????????? | | ?????????????????????????????????????????????????? | | ?????????????????????????????????????????????????? | | | | | | | | | | | | | | | | | | | | | | | +----------------------------------------------------+ Best States ------------- Heat Dissipation 28 Energy Generation 12 Energy Capacity 265 Matter Stores 300 Matter Capacity 300 Sight Range 16 Terrain Scan Density 10 Armor Coverage 150 Evasion (%) 40 Item Schematics ----------------- None Robot Schematics ------------------ None Fabricated ------------ Nothing Repaired ---------- Nothing Studied --------- Mining Laser | -9/Materials | Hacked Alien Tech Used ----------------- None Achievements -------------- None Challenges ------------ None Game ------ Seed MiniCloakScreen Manual? 0 Play Time 00:08:06 Cumulative 9.9 hours Start 2026.08.06 @ 10:39:23 End 2026.08.06 @ 10:45:44 Sessions 1 Manual Loads 0 Difficulty Rogue Special Mode None Game No. 31 Rogue 31 Adventurer 0 Explorer 0 Win Type - Total 0 Types 0/0/0/0/0/0/0/0/0/0 Lore% 11 Gallery% 17 Achievement% 13 Wizard Run 0 Options --------- Layout 1 ASCII 0 Keyboard 0 Movement Mouse Keybinds 0 Fullscreen 1 Font 24/Smallcaps Map View 50x35 Zoom Use 0% Tactical HUD 0 Map Filters NONE Filters NONE Steam 1 RUN: 05dbfd13-28ec-440f-ae04-7a9a2ab5e6eb